 Dungeon Crawl Stone Soup version 0.22-a0-605-g9281fa2 (webtiles) character file.

291 Mamutox the Cudgeler (level 6, -3/91 HPs)
             Began as a Troll Berserker on July 8, 2018.
             Was a Priest of Trog.
             Slain by a gnoll (5 damage)
             ... on level 4 of the Dungeon.
             The game lasted 00:08:33 (2498 turns).

Mamutox the Cudgeler (Troll Berserker)              Turns: 2498, Time: 00:08:34

Health: -3/91      AC: 23    Str: 26    XL:     6   Next: 10%
Magic:  5/5        EV:  1    Int:  3    God:    Trog [***...]
Gold:   274        SH:  0    Dex: 11    Spells: 5/5 levels left

rFire    . . .     SeeInvis +   a - +0 mace
rCold    . . .     Gourm    +   (no shield)
rNeg     + + +     Faith    .   (armour currently unavailable)
rPois    +         Spirit   .   (helmet currently unavailable)
rElec    .         Reflect  .   (cloak currently unavailable)
rCorr    .         Harm     .   (gloves unavailable)
MR       ++...     NoTele   +   (boots unavailable)
Stlth    +.........             (no amulet)
HPRegen  1.65/turn              t - ring of see invisible
MPRegen  0.09/turn              (no ring)

@: tree-form, berserk cooldown, regenerating, slowed, very slow
A: large, unfitting armour, fast metabolism 3, gourmand, regeneration 1
a: Berserk, Trog's Hand, Renounce Religion


You were on level 4 of the Dungeon.
You worshipped Trog.
Trog was most pleased with you.
You were completely stuffed.
You were a tree.
You visited 1 branch of the dungeon, and saw 4 of its levels.

You collected 274 gold pieces.

Inventory:

Hand Weapons
 a - a +0 mace (weapon)
 u - a +0 giant spiked club
Armour
 b - a +0 animal skin (melded)
Jewellery
 t - a ring of see invisible (left branch)
Scrolls
 d - 2 scrolls of teleportation
 e - a scroll of immolation {unknown}
 g - a scroll of random uselessness {unknown}
 j - 3 scrolls of enchant armour
 k - 3 scrolls of fog {unknown}
 n - a scroll of amnesia {unknown}
 q - a scroll of blinking {unknown}
Potions
 f - a potion of resistance
 l - a potion of invisibility {unknown}
 m - 2 potions of curing
 o - 2 potions of haste
 p - a potion of brilliance
 s - a potion of might {unknown}
Comestibles
 c - 10 rations
 r - 3 chunks of flesh


   Skills:
 + Level 3.5 Fighting
 + Level 4.4 Maces & Flails
 + Level 3.8 Dodging
 - Level 0.2 Stealth


You had 5 spell levels left.
You didn't know any spells.
Your spell library was empty.

Dungeon Overview and Level Annotations

Branches:
Dungeon (4/15)
 Temple: D:4-7

Altars:
Gozag
Kikubaaqudgha
Zin

Shops:
D:3 *


Innate Abilities, Weirdness & Mutations

You are too large for most types of armour.
((You have claws for hands.))
Your metabolism is lightning-fast.
You like to eat raw meat.
Your natural rate of healing is unusually fast.
((You are covered in fur. (AC +1)))
((You have very tough skin. (AC +2)))


Message History

The gnoll is severely wounded.
The gnoll hits you from afar with a halberd!
The gnoll hits you with a spear!
* * * LOW HITPOINT WARNING * * *
The gnoll misses you.
You closely miss the gnoll.
The gnoll is severely wounded.
The gnoll misses you. The gnoll hits you with a spear.
* * * LOW HITPOINT WARNING * * *
The gnoll hits you.
* * * LOW HITPOINT WARNING * * *
The gnoll barely misses you. The gnoll hits you with a spear.
* * * LOW HITPOINT WARNING * * *
Okay, then.
You turn into a tree.
Your +0 animal skin melds into your body.
Your roots penetrate the ground.
The gnoll hits you.
* * * LOW HITPOINT WARNING * * *
The gnoll hits you but does no damage. x2; The gnoll hits you.
You die...

. #########
....####.......#########
........g♣............<#
.#######g#####.#########
#......g...##.# #..<#
#........?.##.# #.###
#..........##.#####.#
#..).......##.......#
#..........##########
#..........#
#######+####


You could see 3 gnolls.

Vanquished Creatures
  An ogre (D:4)
  A scorpion (D:4)
  An orc wizard (D:3)
  3 adders (D:3)
  2 oozes
  A worm (D:2)
  5 dart slugs
  2 leopard geckos
  6 orcs (D:3)
  6 bats
  A giant cockroach (D:1)
  11 goblins
  4 hobgoblins
  2 jackals (D:3)
  12 kobolds
  2 quokkas (D:2)
  2 ball pythons (D:3)
  5 frilled lizards
  9 rats
  A fungus (D:2)
77 creatures vanquished.

Notes
Turn   | Place    | Note
-------+----------+-------------------------------------------
     0 | D:1      | Mamutox the Troll Berserker began the quest for the Orb.
     0 | D:1      | Reached XP level 1. HP: 22/22 MP: 0/0
    84 | D:1      | Reached XP level 2. HP: 29/29 MP: 1/1
   218 | D:1      | Reached skill level 3 in Maces & Flails
   347 | D:1      | Reached ** piety under Trog
   378 | D:1      | Reached XP level 3. HP: 36/36 MP: 2/2
   955 | D:2      | Found an opulent altar of Gozag.
  1086 | D:2      | Found an ancient bone altar of Kikubaaqudgha.
  1404 | D:2      | Reached XP level 4. HP: 44/44 MP: 3/3
  1619 | D:3      | Found Zin's Purification Station.
  1647 | D:3      | Found a glowing silver altar of Zin.
  1847 | D:3      | Reached *** piety under Trog
  1920 | D:3      | Reached skill level 4 in Maces & Flails
  1924 | D:3      | Reached XP level 5. HP: 41/53 MP: 4/4
  2370 | D:4      | Noticed an ogre
  2375 | D:4      | Killed an ogre
  2475 | D:4      | Reached XP level 6. HP: 61/61 MP: 5/5
  2497 | D:4      | HP: 3/61 [gnoll/spear (5)]
  2498 | D:4      | Slain by a gnoll

Vault maps used:
D:1:      dpeg_arrival_rooms_c, minmay_misc_feat_doors, st_stairs_5,
          minmay_unequal
D:2:      nicolae_overflow_crystal_walls, lemuel_doored_altar,
          minmay_gold_behind_fungi
D:3:      zin_purify, first_ration
D:4:      lemuel_upstairs_altar, kennysheep_slug_shrine,
          gammafunk_temple_overflow_wave, minmay_misc_feat_hallway,
          hangedman_feature_mirror

Skill      XL: |  1  2  3  4 |
---------------+-------------+-----
Maces & Flails | 3 4 |  4.4
Dodging        | 3 |  3.8
Fighting       | 3 |  3.5
Stealth        | |  0.2

Action                   |  1- 3 |  4- 6 || total
-------------------------+-------+-------++-------
Melee: Mace              |   153 |   136 ||   289
Invok: Berserk           |     1 |     4 ||     5
       Trog's Hand       |       |     1 ||     1
  Use: Scroll            |       |     7 ||     7
       Potion            |       |     1 ||     1
 Stab: Sleeping          |       |     1 ||     1
  Eat: Chunk             |    18 |    16 ||    34
Armor: Animal skin       |    73 |    37 ||   110
       Skin              |       |     2 ||     2
Dodge: Dodged            |   126 |    72 ||   198

Table legend:
 A = Spawn XP
 B = Non-spawn XP
 C = Spawn XP percentage of total XP
 D = Spawn monster count
 E = Non-spawn monster count
 F = Spawn count percentage of total count
 G = Total turns spent on level
                    A         B        C        D         E        F      G
               +---------+---------+-------+---------+---------+-------+---------
         Total |       0 |     416 |   0.0 |       0 |      76 |   0.0 |  2498
               +---------+---------+-------+---------+---------+-------+---------
           D:1 |       0 |      56 |   0.0 |       0 |      24 |   0.0 |   786
           D:2 |       0 |      44 |   0.0 |       0 |      21 |   0.0 |   796
           D:3 |       0 |     128 |   0.0 |       0 |      29 |   0.0 |   788
           D:4 |       0 |     188 |   0.0 |       0 |       2 |   0.0 |   128
               +---------+---------+-------+---------+---------+-------+---------
